 Dungeon Crawl Stone Soup version 0.30-a0-989-g0d87f670db (webtiles) character file.

Game seed: 16728098731937751979

14065 jasper the Spear-Bearer (level 11, -12/84 HPs)
             Began as a Demonspawn Summoner on Apr 3, 2023.
             Was an Elder of Cheibriados.
             Mangled by Donald
             ... wielding a +2 vampiric broad axe
              (27 damage)
             ... on level 1 of the Orcish Mines.
             The game lasted 00:24:48 (13759 turns).

jasper the Spear-Bearer (Demonspawn Summoner)      Turns: 13759, Time: 00:24:49

Health: -12/84     AC: 12    Str: 20    XL:     11   Next: 83%
Magic:  6/16       EV: 16    Int: 32    God:    Cheibriados [****..]
Gold:   1933       SH:  7    Dex: 23    Spells: 3/14 levels left

rFire   . . .      SeeInvis .    y - +1 trident
rCold   . . .      Faith    .    m - +1 buckler
rNeg    + . .      Spirit   .    e - +0 ring mail
rPois   +          Reflect  .    (no helmet)
rElec   .          Rampage  .    w - +2 cloak
rCorr   .                        Q - +0 pair of gloves
Will    .....                    j - +0 pair of boots
Stlth   ++                       c - amulet of magic regeneration
HPRegen 0.34/turn                H - ring of poison resistance
MPRegen 0.55/turn                z - ring of Baecson {Wiz rN+ Str+2}

@: very slow
A: claws 2, hooves 2, foul stench 2, weakness stinger 1
a: Renounce Religion, Bend Time, Temporal Distortion, Slouch


You were on level 1 of the Orcish Mines.
You worshipped Cheibriados.
Cheibriados was greatly pleased with you.
You visited 3 branches of the dungeon, and saw 15 of its levels.

You collected 1933 gold pieces.

Inventory:

Hand Weapons
 d - a +0 club
 n - a +0 whip of protection
 p - a +2 hand axe of holy wrath
 v - a +1 whip of flaming
 y - a +1 trident (weapon)
Missiles
 r - 23 poisoned darts
 x - 5 javelins
 O - a throwing net
Armour
 a - a +0 robe
 e - a +0 ring mail (worn)
 j - a +0 pair of boots (worn)
 m - a +1 buckler (worn)
 w - a +2 cloak (worn)
 B - a +0 scale mail
 E - a +0 cloak
 L - a +0 troll leather armour
 Q - a +0 pair of gloves (worn)
Jewellery
 c - an amulet of magic regeneration (around neck)
 h - a ring of ice
 t - a ring of resist corrosion
 z - the ring of Baecson (right hand) {Wiz rN+ Str+2}
   (You acquired it on level 5 of the Dungeon)

   [ring of wizardry]

   It improves your spell success rate.
   Str:       It affects your strength (+2).
   rN:        It protects you from negative energy.
 H - a ring of poison resistance (left hand)
 M - a ring of wizardry
Wands
 l - a wand of iceblast (11)
 P - a wand of paralysis (8)
 S - a wand of flame (5)
Scrolls
 g - a scroll of magic mapping
 o - 5 scrolls of teleportation
 u - 2 scrolls of brand weapon
 J - a scroll of fog
 K - a scroll of enchant armour
 N - a scroll of enchant weapon
Potions
 b - a potion of magic
 f - 2 potions of mutation
 i - 3 potions of haste
 k - 2 potions of degeneration
 q - 2 potions of attraction
 s - 3 potions of lignification
 D - 2 potions of might
 G - a potion of cancellation
 I - a potion of berserk rage


   Skills:
 + Level 7.2 Fighting
 * Level 9.1 Polearms
 + Level 6.6 Armour
 + Level 7.0 Dodging
 - Level 1.7 Stealth
 - Level 4.0 Shields
 - Level 2.0 Spellcasting
 + Level 8.9 Summonings
 + Level 7.3 Invocations


You had 3 spell levels left.
You knew the following spells:

 Your Spells              Type           Power      Damage    Failure   Level
a - Summon Small Mammal   Summ           100%       N/A       1%          1
b - Summon Lightning Spi  Summ/Air       31%        N/A       9%          4
c - Call Canine Familiar  Summ           57%        N/A       1%          3
d - Summon Guardian Gole  Hex/Summ       31%        N/A       2%          3

Your spell library contained the following spells:

 Spells                   Type           Power      Damage    Failure   Level
 Call Imp                 Summ           57%        N/A       1%          2
 Magic Dart               Conj           12%        1d3       6%          1
 Sting                    Tmut/Pois      12%        1d3       6%          1
 Poisonous Vapours        Pois/Air       6%         N/A       9%          2
 Mephitic Cloud           Conj/Pois/Air  3%         N/A       16%         3
 Ozocubu's Armour         Ice            3%         N/A       16%         3
 Olgreb's Toxic Radiance  Pois           3%         N/A       45%         4
 Metabolic Englaciation   Hex/Ice        1%         N/A       80%         5
 Simulacrum               Ice/Necr       1%         N/A       100%        6


Dungeon Overview and Level Annotations

Branches:
Dungeon (12/15)            Temple (1/1) D:4            Lair (0/5) D:11
    Orc (2/2) D:9
    Elf: Orc:2

Altars:
Cheibriados
Dithmenos
Fedhas
Makhleb
Okawaru
Qazlal
Ru
Uskayaw
Vehumet
Wu Jian
Yredelemnul

Shops:
D:8 (

Annotations:
D:12 Erolcha
Orc:1 Donald
Orc:2 Urug


Innate Abilities, Weirdness & Mutations

You have very sharp fingernails.
You have hoof-like feet.
You sometimes emit foul miasma when damaged in melee.
You have a small tail.


Message History

Your wolf's corpse disappears in a puff of smoke!
You take 15 damage, and have 48/84 hp.
You now have 13/16 mp.
Casting: Call Canine Familiar (safe; 1% risk of failure)
Press: ? - help, Q - select action, (/) - cycle Dir - look around, f - activate Donald is engulfed in dark miasma.
Donald is poisoned.
You block Donald's attack.
Donald hits your wolf with a +2 vampiric broad axe!!
You now have 11/16 mp.
Casting: Call Canine Familiar (safe; 1% risk of failure)
Confirm with . or Enter, or press ? or * to list all spells.
A guardian golem appears, shielding your allies.
Donald is engulfed in dark miasma.
Donald looks even sicker.
Donald hits you with a +2 vampiric broad axe!!
* * * LOW HITPOINT WARNING * * *
Donald draws strength from your wounds!
Donald hits your guardian golem with a +2 vampiric broad axe!!
Donald hits your wolf with a +2 vampiric broad axe!!
Your wolf dies!
Your wolf's corpse disappears in a puff of smoke!
Donald is engulfed in dark miasma.
Donald looks even sicker.
Donald completely misses you.
Donald hits your guardian golem with a +2 vampiric broad axe!
You take 34 damage, and have 15/84 hp.
MASSIVE DAMAGE!!
You now have 8/16 mp.
Okay, then.
Okay, then.
Okay, then.
Unknown command.
Okay, then.
Unknown command.
Unknown command.
Okay, then.
Okay, then.
Unknown command.
Okay, then.
Unknown command.
Casting: Call Canine Familiar (safe; 1% risk of failure)
Press: ? - help, Q - select action, (/) - cycle Dir - look around, f - activate Donald is engulfed in dark miasma.
Donald looks as sick as possible!
Donald hits you with a +2 vampiric broad axe!!
You die...

####....##....#.#
##.#....#....#.##
#...............#
##.###.......#.##
####.......#...#
#.......##.##
####.......###
#..........#####
####..####......@##
#.#.^..#.......@ยง[#
#.............9#h##
##.....#.......###
####.........##
#........###
###.....## #....##
##.####


You could see Donald (fast, strong, extremely poisoned, ally target,
reflecting), a friendly guardian golem (summoned) and a friendly wolf
(summoned).

Vanquished Creatures
  Erica (D:8)
  A two-headed ogre (Orc:1)
  Nergalle (D:9)
  A manticore (D:11)
  3 trolls
  A hornet (D:9)
  A shadow (D:9)
  A wraith (D:9)
  2 wyverns
  2 vampire mosquitoes (D:10)
  An acid dragon (D:8)
  A water moccasin (D:8)
  A sky beast (D:7)
  2 black bears
  2 orc warriors (Orc:1)
  2 ice beasts (D:6)
  A wolf (D:8)
  2 centaurs
  2 ogres
  A phantom (D:6)
  A kobold brigand (D:7)
  2 bullfrogs
  A scorpion (D:5)
  2 killer bees (D:9)
  2 howler monkeys
  5 jellies
  2 hounds
  An orc priest (Orc:2)
  A sleepcap (D:4)
  3 iguanas (D:4)
  2 orc wizards
  6 adders
  A shadow imp (D:7)
  A white imp (D:6)
  A worm (D:2)
  2 dart slugs
  14 orcs
  10 ball pythons
  4 bats
  4 endoplasms
  3 giant cockroaches
  8 hobgoblins
  4 jackals (D:2)
  6 kobolds
  5 quokkas
  4 frilled lizards
  7 goblins
  2 rats
133 creatures vanquished.

Vanquished Creatures (collateral kills)
  A two-headed ogre (D:11)
  An orc knight (Orc:2)
  An ugly thing (D:11)
  2 kobold demonologists (D:10)
  2 unseen horrors (D:10)
  2 trolls
  A vampire (D:10)
  A wraith (D:10)
  A vampire mosquito (D:10)
  An acid dragon (D:10)
  A sky beast (D:6)
  2 ice beasts (D:7)
  5 orc warriors
  6 ogres
  A wolf (D:8)
  3 centaurs
  A phantom (D:6)
  Blork the orc (D:4)
  A bullfrog (D:7)
  2 scorpions (D:7)
  7 wights
  6 killer bees (D:9)
  3 howler monkeys (D:9)
  A hound (D:4)
  A jelly (D:7)
  Crazy Yiuf (D:7)
  4 orc priests
  Jessica (D:3)
  A sleepcap (D:5)
  8 orc wizards
  A shadow imp (D:6)
  11 orcs
  2 endoplasms (D:1)
  A giant cockroach (D:1)
  A hobgoblin (D:1)
  2 jackals (D:4)
  A ball python (D:4)
  3 goblins
  5 kobolds (D:10)
  A rat (D:1)
97 creatures vanquished.

Vanquished Creatures (others)
  Harold (D:11)
  Fannar (D:10)
  Grum (D:8)
  An orc warrior (Orc:2)
  A wolf (D:8)
  2 howler monkeys (D:9)
  A kobold (D:10)
  10 fungi (Orc:2)
18 creatures vanquished.

Grand Total: 248 creatures vanquished

Notes
Turn   | Place    | Note
-------+----------+-------------------------------------------
     0 | D:1      | jasper the Demonspawn Summoner began the quest for the Orb.
     0 | D:1      | Reached XP level 1. HP: 13/13 MP: 3/3
   287 | D:1      | Discovered your monstrous ancestry.
   287 | D:1      | Gained mutation: You have a small tail. [demonic ancestry]
   287 | D:1      | Reached XP level 2. HP: 20/20 MP: 5/5
   402 | D:1      | Found a faded altar of an unknown god.
   490 | D:1      | Learned a level 2 spell: Call Imp
   845 | D:1      | Reached XP level 3. HP: 25/25 MP: 6/6
  1120 | D:2      | Reached skill level 1 in Fighting
  1163 | D:2      | Reached skill level 1 in Armour
  1705 | D:2      | Learned a level 3 spell: Call Canine Familiar
  1953 | D:3      | Reached XP level 4. HP: 24/32 MP: 7/7
  2379 | D:3      | Noticed Jessica
  2400 | D:3      | Killed Jessica
  2401 | D:3      | Reached skill level 1 in Shields
  2464 | D:3      | Identified a scroll of acquirement
  2464 | D:3      | Acquired 1199 gold pieces
  3022 | D:4      | Noticed an ogre
  3077 | D:4      | Reached skill level 5 in Summonings
  3077 | D:4      | Reached XP level 5. HP: 23/38 MP: 8/8
  3228 | D:5      | Entered Level 5 of the Dungeon
  3385 | D:5      | Gained mutation: You have large cloven feet. [demonic
                  | ancestry]
  3385 | D:5      | Reached XP level 6. HP: 14/44 MP: 7/9
  3574 | D:5      | Reached skill level 1 in Polearms
  3975 | D:5      | Reached skill level 2 in Polearms
  3975 | D:5      | Gained mutation: You may rarely emit foul miasma when
                  | damaged in melee. [demonic ancestry]
  3975 | D:5      | Reached XP level 7. HP: 49/51 MP: 10/10
  4208 | D:5      | Acquired the ring of Baecson {Wiz rN+ Str+2}
  4215 | D:5      | Learned a level 3 spell: Summon Guardian Golem
  4637 | D:4      | Found a staircase to the Ecumenical Temple.
  4663 | D:4      | Noticed Blork the orc
  4684 | D:4      | Killed Blork the orc
  4715 | Temple   | Entered the Ecumenical Temple
  4748 | Temple   | Became a worshipper of Cheibriados the Contemplative
  5325 | D:6      | Reached skill level 3 in Polearms
  5378 | D:6      | Gained mutation: You sometimes emit foul miasma when
                  | damaged in melee. [demonic ancestry]
  5378 | D:6      | Reached XP level 8. HP: 55/58 MP: 11/11
  5821 | D:6      | Reached * piety under Cheibriados
  6030 | D:6      | Reached skill level 4 in Polearms
  6534 | D:7      | Learned a level 4 spell: Summon Lightning Spire
  6564 | D:7      | Found the +8 longbow "Zephyr" {speed, Dex+3 SInv}
  6673 | D:7      | Gained mutation: You have sharp fingernails. [demonic
                  | ancestry]
  6673 | D:7      | Reached XP level 9. HP: 58/65 MP: 12/12
  6732 | D:7      | Reached skill level 5 in Polearms
  7171 | D:7      | Reached skill level 1 in Invocations
  7398 | D:7      | Found a runed translucent door.
  7399 | D:7      | Noticed Crazy Yiuf
  7617 | D:7      | Reached ** piety under Cheibriados
  7942 | D:7      | Killed Crazy Yiuf
  8263 | D:8      | Noticed Grum
  8270 | D:8      | Killed Grum
  8271 | D:8      | Reached skill level 5 in Dodging
  8282 | D:8      | Reached skill level 5 in Fighting
  8282 | D:8      | Reached skill level 6 in Polearms
  8543 | D:8      | Found Ywuvvec's Weapon Shoppe.
  8543 | D:8      | Noticed Erica
  8570 | D:8      | HP: 3/68 [something (7)]
  8570 | D:8      | HP: 1/68 [something (2)]
  8571 | D:8      | Killed Erica
  8572 | D:8      | Reached skill level 5 in Armour
  8572 | D:8      | Gained mutation: You have very sharp fingernails. [demonic
                  | ancestry]
  8572 | D:8      | Reached XP level 10. HP: 12/74 MP: 13/13
  9556 | D:9      | Reached skill level 7 in Polearms
  9686 | D:9      | Reached *** piety under Cheibriados
  9849 | D:9      | Found a staircase to the Orcish Mines.
  9994 | D:10     | Entered Level 10 of the Dungeon
 10018 | D:10     | Reached skill level 5 in Invocations
 10104 | D:10     | Noticed an orange demon
 10153 | D:10     | You fall into a shaft and drop 1 floor!
 10154 | D:11     | Noticed a manticore
 10158 | D:11     | Noticed a gargoyle
 10158 | D:11     | Noticed a two-headed ogre
 10161 | D:11     | Noticed a boulder beetle
 10163 | D:11     | Killed a two-headed ogre
 10164 | D:11     | Gained mutation: You have hoof-like feet. [demonic
                  | ancestry]
 10164 | D:11     | Reached XP level 11. HP: 65/81 MP: 8/15
 10166 | D:11     | Noticed Harold
 10175 | D:11     | Killed Harold
 10365 | D:11     | Noticed a skeletal warrior
 10365 | D:11     | Noticed a skeletal warrior
 10366 | D:11     | Noticed a skeletal warrior
 10367 | D:11     | Noticed a skeletal warrior
 10656 | D:10     | Noticed Fannar
 10663 | D:10     | Noticed Nergalle
 10975 | Orc:1    | Entered Level 1 of the Orcish Mines
 10981 | Orc:1    | Reached skill level 8 in Polearms
 11293 | Orc:2    | Entered Level 2 of the Orcish Mines
 11294 | Orc:2    | Noticed a two-headed ogre
 11296 | Orc:2    | Reached **** piety under Cheibriados
 11970 | D:12     | Noticed Erolcha
 12245 | D:9      | Killed Nergalle
 12384 | D:10     | Killed Fannar
 12991 | D:11     | Noticed a brown ugly thing
 12999 | D:11     | Killed a brown ugly thing
 13046 | D:11     | Noticed an ice dragon
 13050 | D:11     | Noticed a skeletal warrior
 13374 | Orc:1    | Killed a two-headed ogre
 13564 | Orc:2    | Reached skill level 9 in Polearms
 13566 | Orc:2    | Noticed an orc knight
 13589 | Orc:2    | Killed an orc knight
 13746 | Orc:2    | Noticed Donald
 13753 | Orc:2    | Noticed Urug
 13759 | Orc:1    | Mangled by Donald

Illustrated notes

Levels and vault maps discovered:
D:1:      dreamdust_arrival_beginning_and_end, layout_basic, serial_rivers,
          chequers_serial_rivers_micro_d, chequers_serial_rivers_room_b,
          chequers_serial_rivers_small_b, chequers_serial_rivers_room_a,
          chequers_serial_rivers_micro_e, shapermc_ecumenical_altar_mp_vishouse
D:2:      layout_loops_cross, hangedman_decor_clover_reticule
D:3:      layout_loops_ring, uniq_jessica
D:4:      layout_cave_pods, minmay_temple_entry_proselytizer, uniq_blork_the_orc
D:5:      layout_cave_pods
D:6:      layout_loops_corners, kennysheep_generic_room_16
D:7:      layout_layer_cave, minivault_27, uniq_crazy_yiuf_cottage
D:8:      layout_basic, general_overflow_altar, serial_shops,
          nicolae_shop_waterfront, uniq_grum, uniq_erica
D:9:      layout_roguey, orc_0_dummy
D:10:     layout_cave_pools, kennysheep_generic_room_3, uniq_nergalle,
          uniq_fannar
D:11:     minmay_the_grid_3x2 [minmay_the_grid_doors,
          minmay_the_grid_zigzag_pyramid, minmay_the_grid_tree,
          minmay_the_grid_broken_lines, minmay_the_grid_dragon_b,
          minmay_the_grid_prize_big_room], layout_layer_cave,
          chequers_serial_rivers_micro_e, uniq_sonja, uniq_harold
D:12:     layout_rooms, st_stairs_10, hangedman_feature_mirror, uniq_erolcha
Temple:   regret_index_temple_sigil_plot
Orc:1:    layout_diamond_mine, nicolae_shop_vocational
Orc:2:    grunt_orc_gardens, layout_diamond_mine, grunt_orc_garden,
          grunt_orc_garden, grunt_orc_garden, grunt_orc_garden, uniq_donald,
          uniq_urug

Skill      XL: |  1  2  3  4  5  6  7  8  9 10 11 |
---------------+----------------------------------+-----
Dodging        | 2 3 4 5 6 7 |  7.0
Fighting       | 1 2 3 4 5 6 7 |  7.2
Armour         | 1 2 3 5 6 |  6.6
Shields        | 1 2 3 4 |  4.0
Summonings     | 5 6 7 8 |  8.9
Polearms       | 2 3 4 6 7 9 |  9.1
Invocations    | 3 5 7 |  7.3
Stealth        | |  1.7
Spellcasting   | |  2.0

Action                     |  1- 3 |  4- 6 |  7- 9 | 10-12 || total
---------------------------+-------+-------+-------+-------++-------
  Melee: Unarmed           |    11 |       |       |       ||    11
         Club              |    75 |       |       |       ||    75
         Punch             |     2 |       |       |       ||     2
         Tailslap          |    26 |    22 |    30 |    29 ||   107
         Whip              |   165 |    88 |       |       ||   253
         Trident           |       |    60 |   204 |   205 ||   469
  Throw: Dart              |       |     1 |       |       ||     1
   Cast: Summon Small Mamm |    12 |       |       |       ||    12
         Call Imp          |       |    24 |       |       ||    24
         Call Canine Famil |       |       |    42 |    41 ||    83
         Summon Guardian G |       |       |     3 |    13 ||    16
         Summon Lightning  |       |       |       |    20 ||    20
    Use: Scroll            |     7 |     1 |     7 |    14 ||    29
         Potion            |       |     1 |     2 |     4 ||     7
   Stab: Sleeping          |     1 |       |       |       ||     1
         Distracted        |       |     1 |     7 |     6 ||    14
 Armour: Robe              |     5 |       |       |       ||     5
         Ring mail         |   118 |    66 |    99 |    94 ||   377
  Dodge: Dodged            |   127 |    67 |   119 |   159 ||   472
  Block: Buckler           |    29 |    33 |    59 |    83 ||   204

Table legend: (Time is in decaauts)
 A = Elapsed time spent in this place.
 B = Non-inter-level travel time spent in this place.
 C = Inter-level travel time spent in this place.
 D = Time resting spent in this place.
 E = Time spent auto-exploring this place.
 F = Levels seen in this place.
 G = Mean time per level.
                   A        B        C        D        E       F      G
               +--------+--------+--------+--------+--------+-----+--------+
         Total |  16152 |  14818 |   1334 |   2157 |   9901 |  15 | 1076.8 |
       Dungeon |  14879 |  13663 |   1216 |   1578 |   9516 |  12 | 1239.9 |
        Temple |     63 |     34 |     29 |      0 |     21 |   1 |   63.0 |
  Orcish Mines |   1208 |   1120 |     88 |    579 |    364 |   2 |  604.0 |
               +--------+--------+--------+--------+--------+-----+--------+

Top non-repeatable levels by time:
     D:7: 2117 daAuts
     D:9: 1932 daAuts
    D:10: 1891 daAuts
     D:8: 1429 daAuts
     D:6: 1362 daAuts
     D:5: 1222 daAuts
     D:3: 1140 daAuts
     D:1: 1120 daAuts
     D:4: 1110 daAuts
   Orc:1: 1081 daAuts
     D:2: 870 daAuts
    D:11: 669 daAuts
   Orc:2: 127 daAuts
  Temple: 63 daAuts
    D:12: 13 daAuts
